 Dungeon Crawl Stone Soup version 0.28-b1-1-g3c77fb2ed1 (webtiles) character file.

Game seed: 17018865041321032019

5395 zeram the Unseen (level 10, -1/60 HPs)
             Began as an Octopode Brigand on Jan 30, 2022.
             Was a Believer of Dithmenos.
             Slain by a centaur warrior (11 damage)
             ... on level 8 of the Dungeon.
             The game lasted 00:13:07 (8816 turns).

zeram the Unseen (Octopode Brigand)                 Turns: 8816, Time: 00:13:08

Health: -1/60      AC: 11    Str: 10    XL:     10   Next: 66%
Magic:  10/10      EV: 19    Int: 19    God:    Dithmenos [**....]
Gold:   47         SH:  0    Dex: 17    Spells: 9/9 levels left

rFire   . . .      SeeInvis +   u - +3 dagger
rCold   . . .      Faith    .   (no shield)
rNeg    + . .      Spirit   .   d - +2 hat
rPois   .          Reflect  .   e - amulet "Ciliurr" {RegenMP Rampage Dex+4 SInv}
rElec   .          Harm     .   g - ring of positive energy
rCorr   .          Rampage  +   i - +4 ring of protection
Will    .....                   h - +4 ring of protection Stlth *+++++++++
                                z - +4 ring of evasion
HPRegen 0.20/turn               B - +4 ring of slaying
MPRegen 0.52/turn               (no ring)
                                (no ring)
                                (no ring)

@: wreathed by umbra
A: almost no armour, amphibious, 8 rings, camouflage 1, gelatinous body 1,
(nimble swimmer 1), tentacles
a: Renounce Religion, Shadow Step


You were on level 8 of the Dungeon.
You worshipped Dithmenos.
Dithmenos was pleased with you.
You visited 2 branches of the dungeon, and saw 9 of its levels.

You collected 479 gold pieces.
You spent 432 gold pieces at shops.

Inventory:

Hand Weapons
 a - a +2 dagger
 u - a +3 dagger (weapon)
Missiles
 b - 39 poisoned darts (quivered)
 c - 2 curare-tipped darts
 m - 7 throwing nets
 x - 6 atropa-tipped darts
Armour
 d - a +2 hat (worn)
Jewellery
 e - the amulet "Ciliurr" (around mantle) {RegenMP Rampage Dex+4 SInv}
   (You found it on level 5 of the Dungeon)

   [amulet of magic regeneration]

   It increases your rate of magic regeneration.
   Dex:       It affects your dexterity (+4).
   SInv:      It lets you see invisible.
   Rampage:   It bestows one free step when moving towards enemies.
 g - a ring of positive energy (left tentacle)
 h - a +4 ring of protection (on tentacle)
 i - a +4 ring of protection (right tentacle)
 t - an amulet of guardian spirit
 z - a +4 ring of evasion (on tentacle)
 B - a +4 ring of slaying (on tentacle)
Wands
 o - a wand of paralysis (12)
 C - a wand of digging (1)
Scrolls
 k - a scroll of teleportation
 n - a scroll of fog {unknown}
 r - a scroll of torment {unknown}
 w - a scroll of amnesia
 y - a scroll of silence {unknown}
 A - a scroll of identify
Potions
 f - a potion of brilliance {unknown}
 j - a potion of magic
 l - a potion of heal wounds
 p - 2 potions of attraction
 s - a potion of lignification
 v - a potion of berserk rage {unknown}


   Skills:
 - Level 2.0 Fighting
 * Level 4.3 Short Blades
 - Level 2.0 Throwing
 * Level 4.0 Dodging
 + Level 20.2 Stealth


You had 9 spell levels left.
You didn't know any spells.
Your spell library contained the following spells:

 Spells                   Type           Power      Damage    Failure   Level
 Freeze                   Ice            0%         1d3       21%         1
 Frozen Ramparts          Ice            0%         1d2       52%         3
 Animate Dead             Necr           0%         N/A       90%         4
 Hailstorm                Conj/Ice       0%         3d3       90%         4
 Haunt                    Necr/Summ      0%         N/A       100%        7
 Infestation              Necr           0%         N/A       100%        8


Dungeon Overview and Level Annotations

Branches:
Dungeon (8/15)             Temple (1/1) D:5            Lair (0/6) D:8

Altars:
Ashenzari
Cheibriados
Dithmenos
Elyvilon
Fedhas
Gozag
Hepliaklqana
Kikubaaqudgha
Makhleb
Nemelex Xobeh
Okawaru
Qazlal
Ru
Sif Muna
Trog
Uskayaw
Vehumet
Wu Jian
Xom
Yredelemnul
Zin
The Shining One

Shops:
D:5 [:   D:6 *   D:8 =


Innate Abilities, Weirdness & Mutations

You cannot wear most types of armour.
You are amphibious.
You can wear up to eight rings at the same time.
Your skin changes colour to match your surroundings (Stealth+).
Your rubbery body absorbs attacks. (AC +1, EV +1)
((You are camouflaged when in or above water. (Stealth+)))
You have tentacles for arms and can constrict up to eight enemies at once.


Message History

You squeeze the centaur warrior, but do no damage.
The centaur warrior is heavily wounded.
The centaur warrior hits you but does no damage.
The centaur warrior misses you.
You puncture the centaur warrior!
The centaur warrior is heavily wounded.
The centaur warrior hits you. The centaur warrior kicks you.
* * * LOW HITPOINT WARNING * * *
You hit the centaur warrior. You squeeze the centaur warrior.
The centaur warrior is severely wounded.
The centaur warrior completely misses you.
The centaur warrior kicks you but does no damage.
The centaur warrior hits you but does no damage.
The centaur warrior kicks you.
* * * LOW HITPOINT WARNING * * *
You hit the centaur warrior.
The centaur warrior is severely wounded.
The centaur warrior barely misses you.
The centaur warrior kicks you but does no damage.
You hit the centaur warrior but do no damage.
The centaur warrior is severely wounded.
The centaur warrior hits you.
* * * LOW HITPOINT WARNING * * *
The centaur warrior kicks you but does no damage.
Unknown command.
You hit the centaur warrior. You squeeze the centaur warrior.
The centaur warrior is severely wounded.
The centaur warrior looks more healthy.
The centaur warrior closely misses you.
The centaur warrior completely misses you.
Unknown command.
You puncture the centaur warrior!
The centaur warrior is almost dead.
The centaur warrior hits you but does no damage.
The centaur warrior kicks you.
* * * LOW HITPOINT WARNING * * *
Unknown command.
You hit the centaur warrior but do no damage.
The centaur warrior is almost dead.
The centaur warrior hits you!
You die...

#..z.[#..# c#.....#.##
###c####..# ####.###).##
#.....###..# ##.....##..##
.......###..# ##.#####.##..#
........####.# ##.#.....#.##.#
.........# .}##.#..###..#.#.#
.._._....# [.#.#.#...#.#.#.#
...#.....# #.#.#.#)#.#.#.###
.._._....# #@#.#...#.#.#...##
.........# #c#..###..#.#....#
........#########.#.....#.##....#
.......###.....###.#####.##..##.#
#.....###....#..###.....##...##..
###.####..##.##..####.###..#>....
#)....#....#.#....#8.8.8#.##.....
#.#.#.#.##.#......#.8(8.#.#..#...
#)#.##..#..........8)8)8#........


You could see a centaur warrior.

Vanquished Creatures
  Harold (D:7)
  A cyclops (D:8)
  A gargoyle (D:8)
  Grinder (D:4)
  Prince Ribbit (D:5)
  Sigmund (D:4)
  A steam dragon (D:8)
  A water moccasin (D:7)
  Menkaure (D:7)
  A sky beast (D:8)
  A hornet zombie (D:7)
  A black bear (D:5)
  2 orc warriors
  2 necrophages
  2 ogres
  3 centaurs (D:8)
  A phantom (D:5)
  2 kobold brigands
  4 bullfrogs
  A gnoll sergeant (D:8)
  4 scorpions
  2 wyvern zombies
  A water moccasin zombie (D:6)
  6 killer bees (D:8)
  3 howler monkeys (D:8)
  A wight (D:8)
  2 centaur zombies
  3 hounds
  A jelly (D:4)
  A gnoll shaman (D:6)
  Crazy Yiuf (D:6)
  A centaur skeleton (D:7)
  3 orc priests
  A bullfrog skeleton (D:7)
  3 iguanas
  3 orc wizards
  2 killer bee zombies
  A howler monkey skeleton (D:7)
  10 gnolls
  3 adders
  A shadow imp (D:6)
  An ufetubus (D:3)
  A worm (D:2)
  3 dart slugs
  16 orcs
  5 ball pythons
  10 bats
  7 endoplasms
  5 giant cockroaches
  2 goblins
  11 hobgoblins
  5 quokkas
  6 frilled lizards
  16 kobolds
  4 rats
174 creatures vanquished.

Vanquished Creatures (others)
  6 fungi (D:8)
  11 plants
17 creatures vanquished.

Grand Total: 191 creatures vanquished

Notes
Turn   | Place    | Note
-------+----------+-------------------------------------------
     0 | D:1      | zeram the Octopode Brigand began the quest for the Orb.
     0 | D:1      | Reached XP level 1. HP: 14/14 MP: 1/1
    66 | D:1      | Reached skill level 6 in Stealth
    66 | D:1      | Reached XP level 2. HP: 13/19 MP: 2/2
   515 | D:1      | Reached XP level 3. HP: 21/24 MP: 3/3
   790 | D:2      | Reached skill level 7 in Stealth
  1113 | D:2      | Reached XP level 4. HP: 29/29 MP: 4/4
  1269 | D:2      | Reached skill level 8 in Stealth
  1787 | D:3      | Reached XP level 5. HP: 34/34 MP: 5/5
  1826 | D:3      | Reached skill level 9 in Stealth
  2179 | D:3      | Found a faded altar of an unknown god.
  2588 | D:4      | Reached XP level 6. HP: 39/39 MP: 6/6
  2687 | D:4      | Noticed Grinder
  2700 | D:4      | Killed Grinder
  2701 | D:4      | Reached skill level 11 in Stealth
  2701 | D:4      | Reached XP level 7. HP: 32/45 MP: 7/7
  2964 | D:4      | Noticed Sigmund
  2976 | D:4      | Killed Sigmund
  2977 | D:4      | Reached skill level 12 in Stealth
  3452 | D:5      | Entered Level 5 of the Dungeon
  3480 | D:5      | Found Ganeassa's Book Shoppe.
  3760 | D:5      | Found a staircase to the Ecumenical Temple.
  3822 | D:5      | Identified the amulet "Ciliurr" {RegenMP Rampage Dex+4
                  | SInv}
  3859 | Temple   | Entered the Ecumenical Temple
  4160 | Temple   | Became a worshipper of Dithmenos the Shadowed
  4219 | D:5      | Found Weisitaw's Armour Shoppe.
  4247 | D:5      | Noticed Prince Ribbit
  4268 | D:5      | Killed Prince Ribbit
  4269 | D:5      | Reached skill level 13 in Stealth
  4269 | D:5      | Reached XP level 8. HP: 17/50 MP: 8/8
  4499 | D:5      | Reached skill level 14 in Stealth
  4676 | D:5      | Reached skill level 15 in Stealth
  5309 | D:6      | Reached skill level 16 in Stealth
  5342 | D:6      | Reached XP level 9. HP: 53/54 MP: 9/9
  5595 | D:6      | Found Joch's Lightly-Used Armoury.
  5931 | D:6      | Found a runed translucent door.
  5932 | D:6      | Noticed Crazy Yiuf
  6070 | D:6      | Killed Crazy Yiuf
  6318 | D:6      | Reached skill level 17 in Stealth
  6348 | D:6      | Reached * piety under Dithmenos
  6944 | D:7      | Noticed Harold
  6951 | D:7      | Killed Harold
  6952 | D:7      | Reached skill level 18 in Stealth
  7132 | D:7      | Noticed Menkaure
  7135 | D:7      | Killed Menkaure
  7136 | D:7      | Reached skill level 19 in Stealth
  7183 | D:7      | Reached XP level 10. HP: 60/60 MP: 10/10
  7810 | D:8      | Found a staircase to the Lair.
  7930 | D:8      | Reached ** piety under Dithmenos
  8101 | D:8      | Found a stormy altar of Qazlal.
  8168 | D:8      | Found Imuem's Jewellery Boutique.
  8174 | D:8      | Bought a +4 ring of evasion for 432 gold pieces
  8268 | D:8      | Noticed a cyclops
  8271 | D:8      | Killed a cyclops
  8300 | D:8      | Reached skill level 20 in Stealth
  8305 | D:8      | Found a basalt altar of Yredelemnul.
  8306 | D:8      | Found a bloodstained altar of Trog.
  8314 | D:8      | Found a white marble altar of Elyvilon.
  8314 | D:8      | Found a broken altar of Ashenzari.
  8376 | D:8      | Noticed a skeletal warrior
  8376 | D:8      | Noticed a gargoyle
  8377 | D:8      | Identified the amulet "Qiukkif" {Acrobat Str+4 Int+4 Dex+4}
  8377 | D:8      | Noticed a centaur warrior
  8384 | D:8      | Killed a gargoyle
  8384 | D:8      | Noticed a centaur warrior
  8407 | D:8      | Noticed a manticore
  8409 | D:8      | Noticed a catoblepas
  8816 | D:8      | Slain by a centaur warrior

Illustrated notes

Levels and vault maps discovered:
D:1:      scummos_arrival_simple_fountains, layout_rooms, minmay_tetromino_o2
D:2:      layout_basic, st_stairs_10, nrook_loot_triangle
D:3:      layout_rooms, chequers_ecumenical_altar_lobes, minivault_27
D:4:      layout_loops_corners, uniq_grinder, uniq_sigmund
D:5:      layout_rooms, minmay_temple_entry_nine_rooms, serial_shops,
          nicolae_shop_crystal, nicolae_shop_hallway_stairs, uniq_prince_ribbit1
D:6:      layout_loops_corners, minmay_shop_damaged, uniq_crazy_yiuf_cottage
D:7:      layout_loops_cross, minmay_misc_feat_rugged, uniq_menkaure,
          uniq_harold
D:8:      minmay_the_grid_octo_tiled_squarecenter
          [minmay_the_grid_octo_tetromino_candy, minmay_the_grid_octo_shrine,
          minmay_the_grid_octo_fat_diamond, minmay_the_grid_octo_concentric,
          minmay_the_grid_square_5x5_megaprize_diamond,
          minmay_the_grid_square_5x5_tie, minmay_the_grid_square_5x5_trominoes,
          minmay_the_grid_square_5x5_checkered_statues,
          minmay_the_grid_square_5x5_three], layout_cave_pools,
          nicolae_qazlal_general_emergency, dpeg_oklobed_lair, serial_shops,
          kennysheep_little_box
Temple:   mainiacjoe_temple_circle_huts

Skill      XL: |  1  2  3  4  5  6  7  8  9 10 |
---------------+-------------------------------+-----
Stealth        | 6 7 8 9 11 13 16 19 20 | 20.2
Dodging        | 4 |  4.0
Short Blades   | 4 |  4.3
Fighting       | |  2.0
Throwing       | |  2.0

Action                   |  1- 3 |  4- 6 |  7- 9 | 10-12 || total
-------------------------+-------+-------+-------+-------++-------
Melee: Dagger            |    72 |    82 |   182 |   125 ||   461
       Tentacles         |     9 |    17 |    49 |    25 ||   100
       Punch             |     1 |     3 |     6 |     5 ||    15
       Constrict         |    10 |    17 |    31 |     8 ||    66
Throw: Dart              |       |     2 |    12 |     1 ||    15
  Use: Scroll            |     5 |     4 |     2 |     5 ||    16
       Potion            |       |     2 |     2 |     4 ||     8
 Stab: Sleeping          |    17 |    10 |    23 |    31 ||    81
       Distracted        |       |       |     1 |       ||     1
Armor: Skin              |     5 |    35 |   105 |    42 ||   187
Dodge: Dodged            |    34 |    76 |   190 |   106 ||   406
